 Dungeon Crawl Stone Soup version bcrawl-1.28.5 (webtiles) character file.

Game seed: 3045394597679624236

261646 Mehrunes the Arsonist (level 10, -3/83 HPs)
             Began as a Demigod Fire Elementalist on Jan 23, 2021.
             Killed from afar by an efreet (24 damage)
             ... with a fireball
             ... on level 8 of the Dungeon.
             The game lasted 00:33:42 (11154 turns).

Mehrunes the Arsonist (Demigod Fire Elementalist)  Turns: 11154, Time: 00:33:42

Health: -3/83      AC:  8    Str: 12    XL:     10   Next: 63%
Magic:  16/18      EV: 23    Int: 25    God:    Demigod [*****.]
Gold:   512        SH:  9    Dex: 17    Spells: 4/12 levels left

rFire    . . .     SeeInvis .   A - +3 falchion (freeze)
rCold    . . .     Gourm    .   C - +0 buckler
rNeg     . . .     Faith    .   D - +1 steam dragon scales
rPois    .         Spirit   .   (no helmet)
rElec    .         Reflect  .   (no cloak)
rCorr    .         Harm     .   g - +0 pair of gloves
MR       +....                  (no boots)
Stlth    ++++......             (no amulet)
HPRegen  0.23/turn              q - +4 ring of evasion
MPRegen  0.16/turn              (no ring)

@: heroism
A: high mp 1
a: Temporal Distortion, Growth, Major Destruction, Heroism, Divine Shield


You were on level 8 of the Dungeon.
You worshipped Demigod.
Demigod was extremely pleased with you.
You were hungry.

You visited 1 branch of the dungeon, and saw 8 of its levels.
You also visited: Sewer.

You collected 512 gold pieces.

Inventory:

Hand Weapons
 i - a +1 dagger of venom
 u - a +2 dagger of draining
 A - a +3 falchion of freezing (weapon)
 E - a +0 flail of holy wrath
Missiles
 c - 1613 stones (quivered)
Armour
 a - a +0 robe
 g - a +0 pair of gloves (worn)
 n - a +0 ring mail
 C - a +0 buckler (worn)
 D - +1 steam dragon scales (worn)
Jewellery
 p - an uncursed amulet of rage
 q - a +4 ring of evasion (left hand)
Scrolls
 b - a scroll of noise
 h - 4 scrolls of teleportation
 j - 2 scrolls of immolation
 k - 6 scrolls of remove curse
 m - a scroll of blinking
 o - 2 scrolls of fog
 t - a scroll of enchant weapon
 y - 3 scrolls of identify
Potions
 d - 5 potions of curing
 f - 3 potions of heal wounds {unknown}
 l - 2 potions of invisibility {unknown}
 r - 4 potions of flight {unknown}
 s - a potion of agility {unknown}
 v - 6 potions of brilliance {unknown}
 w - a potion of lignification {unknown}
 x - a potion of berserk rage {unknown}
 z - a potion of haste {unknown}
 B - a potion of magic {unknown}
Comestibles
 e - 8 rations {!d}


   Skills:
 + Level 5.9(10.9) Fighting
 - Level 5.9(10.9) Dodging
 - Level 2.0(7.0) Stealth
 * Level 2.5(7.5) Shields
 - Level 1.7 Spellcasting
 - Level 7.9 Conjurations
 - Level 8.4 Fire Magic
 + Level 6.2 Invocations


You had 4 spell levels left.
You knew the following spells:

 Your Spells              Type           Power        Failure   Level  Hunger
a - Flame Tongue          Conj/Fire      #####        1%          1    None
b - Conjure Flame         Conj/Fire      #####...     1%          3    ####...
c - Sticky Flame          Conj/Fire      #####...     7%          4    ######.

Your spell library contained the following spells:

 Spells                   Type           Power        Failure   Level  Hunger
 Flaming Arrows           Chrm/Fire      ###.....     5%          2    ###....
 Inner Flame              Hex/Fire       N/A          11%         3    ####...
 Ensorcelled Hibernation  Hex/Ice        #.....       28%         2    ###....
 Shackle                  Hex            #.......     28%         2    ###....
 Sticks to Snakes         Tmut           #.......     28%         2    ###....
 Cause Fear               Hex            #.........   88%         4    ######.
 Tree Form                Hex/Tmut       N/A          88%         4    ######.
 Fireball                 Conj/Fire      #####.....   19%         5    #######
 Darkness                 Hex            #.........   100%        6    #######


Dungeon Overview and Level Annotations

Branches:
Dungeon (8/12)             Temple (0/1) D:7
   Lair: D:7-9          Orc: D:8-11

Shops:
D:7 :

Annotations:
D:5 1 runed translucent door, Quickbrownfox's ghost, novice OpTm


Innate Abilities, Weirdness & Mutations

You have an increased reservoir of magic. (+10% MP)


Message History

The fireball engulfs the efreet.
The efreet completely resists.
The efreet gestures at you. The bolt of fire hits you!!
You gain the combat prowess of a mighty hero.
You block the efreet's attack.
You hit the efreet but do no damage.
The efreet is moderately wounded.
The efreet gestures at you. The bolt of fire misses you.
You hit the efreet. You freeze the efreet.
The efreet is moderately wounded.
The efreet gestures at you. The bolt of fire hits you!!
* * * LOW HITPOINT WARNING * * *
You hit the efreet but do no damage.
The efreet is moderately wounded.
The efreet gestures at you.
The fireball explodes!
The fireball engulfs you!!
You die...
Your divinity fades.

#......'.......
#......#.......
##########.....##......
#.......##########'####
#.......##.....##......
##......#..............
#.......#.........)....
#......##.....#####'##
##....@.##...R.........
#......R#○°☼...###.....
#######.)..........###..#....
#................####...#....
#.######.##....### #...##....
#†# ###..#### #...# #.... #.#
###..## .c..# #....
#.#####...## ###.. #....
#)..#...### ## #....


You could see an efreet.

Vanquished Creatures
  An ugly thing (D:8)
  A hornet (D:8)
  A yak (D:8)
  A wraith (D:8)
  A steam dragon (D:7)
  2 hungry ghosts (D:8)
  Menkaure (D:4)
  A crocodile (D:8)
  3 porcupines (D:8)
  2 orc warriors
  4 sky beasts
  A black bear (D:6)
  2 phantoms
  2 ogres (D:5)
  2 centaurs (D:5)
  3 big kobolds
  3 bullfrogs (D:8)
  Blork the orc (D:4)
  2 gnoll sergeants
  3 scorpions
  8 killer bees
  A wight (D:6)
  3 bullfrog zombies (D:5)
  7 crimson imps
  2 centaur zombies
  2 centaur skeletons (D:6)
  2 jellies
  4 orc priests
  A quasit (D:8)
  2 gnoll shamans
  8 hounds
  2 iguanas (D:5)
  9 orc wizards
  A bullfrog skeleton (D:8)
  6 worker ants
  17 gnolls
  7 adders
  5 river rats
  An ooze (D:1)
  2 adder zombies
  An adder skeleton (D:4)
  5 worms
  3 dart slugs
  5 leopard geckos
  26 orcs
  5 giant cockroaches
  8 hobgoblins
  13 jackals
  2 quokkas
  13 ball pythons
  4 bats
  6 frilled lizards
  32 kobolds
  26 rats
276 creatures vanquished.

Vanquished Creatures (others)
  4 fungi (D:8)
4 creatures vanquished.

Grand Total: 280 creatures vanquished

Notes
Turn   | Place    | Note
-------+----------+-------------------------------------------
     0 | D:1      | Mehrunes the Demigod Fire Elementalist began the quest for
                  | the Orb.
     0 | D:1      | Reached XP level 1. HP: 14/14 MP: 5/5
    16 | D:1      | Reached skill level 1 in Conjurations
    30 | D:1      | Found a sparkling altar of Nemelex Xobeh.
   259 | D:1      | Reached skill level 3 in Fire Magic
   333 | D:1      | Reached XP level 2. HP: 20/20 MP: 0/7
   922 | D:1      | Reached XP level 3. HP: 26/26 MP: 4/8
  1286 | D:2      | Learned a level 3 spell: Conjure Flame
  1337 | D:2      | Reached * piety under Demigod
  1781 | D:2      | Found a hide-covered altar of Uskayaw.
  1844 | D:3      | Reached XP level 4. HP: 27/33 MP: 1/9
  2400 | D:3      | Noticed a sky beast
  2405 | D:3      | Killed a sky beast
  2406 | D:3      | Reached skill level 4 in Fire Magic
  2406 | D:3      | Reached XP level 5. HP: 38/38 MP: 2/10
  2706 | D:3      | Reached ** piety under Demigod
  2920 | D:4      | Noticed Menkaure
  2927 | D:4      | Killed Menkaure
  2928 | D:4      | Reached skill level 5 in Fire Magic
  2928 | D:4      | Reached XP level 6. HP: 24/45 MP: 5/11
  3024 | D:4      | Noticed Blork the orc
  3046 | D:4      | Killed Blork the orc
  3144 | D:4      | Found a glowing drain.
  3191 | Sewer    | Entered a sewer
  3539 | Sewer    | Reached *** piety under Demigod
  3667 | Sewer    | Reached XP level 7. HP: 50/50 MP: 2/12
  3769 | Sewer    | Learned a level 4 spell: Sticky Flame
  4221 | D:4      | Reached skill level 5 in Conjurations
  4479 | D:4      | Found a glowing golden altar of the Shining One.
  4531 | D:4      | Reached skill level 6 in Fire Magic
  5022 | D:5      | Entered Level 5 of the Dungeon
  5133 | D:5      | Reached XP level 8. HP: 57/57 MP: 10/13
  5468 | D:5      | Reached **** piety under Demigod
  5479 | D:5      | Found a white marble altar of Elyvilon.
  5601 | D:5      | Reached skill level 7 in Fire Magic
  6262 | D:5      | Identified the Grimoire of Fetching Transmutation
  6466 | D:5      | Found a blossoming altar of Fedhas.
  6590 | D:5      | Found a runed translucent door.
  6591 | D:5      | Noticed Quickbrownfox's ghost (novice OpTm)
  6593 | D:5      | Noticed a cyclops
  6763 | D:6      | Reached skill level 8 in Fire Magic
  6931 | D:6      | Reached XP level 9. HP: 62/62 MP: 0/14
  7360 | D:6      | Reached skill level 1 in Fighting
  7970 | D:6      | Reached ***** piety under Demigod
  8130 | D:6      | Found a shimmering altar of Xom.
  8137 | D:6      | Found an iron altar of Okawaru.
  8140 | D:6      | Found a shimmering blue altar of Sif Muna.
  8276 | D:7      | Reached skill level 1 in Invocations
  9178 | D:7      | Found Atroreng's Book Shop.
  9206 | D:7      | Reached skill level 5 in Invocations
  9239 | D:7      | Found a staircase to the Ecumenical Temple.
  9754 | D:8      | Reached XP level 10. HP: 78/78 MP: 2/17
  9899 | D:8      | Noticed a brown ugly thing
  9907 | D:8      | Killed a brown ugly thing
  9908 | D:8      | Reached skill level 5 in Dodging
 10030 | D:8      | Reached skill level 5 in Fighting
 10130 | D:8      | Found a shadowy altar of Dithmenos.
 10132 | D:8      | Found a stormy altar of Qazlal.
 10361 | D:8      | Found an opulent altar of Gozag.
 10795 | D:8      | Reached skill level 1 in Shields
 10975 | D:8      | Identified the ring of Pamnizu {rC+ AC+3}
 10975 | D:8      | Noticed a centaur warrior
 11154 | D:8      | Killed from afar by an efreet

Skill      XL: |  1  2  3  4  5  6  7  8  9 10 |
---------------+-------------------------------+-----
Conjurations   | 1 2 3 4 5 7 |  7.9
Fire Magic     | 3 4 5 6 8 |  8.4
Dodging        | 4 5 |  5.9
Fighting       | 4 5 |  5.9
Invocations    | 5 6 |  6.2
Shields        | 2 |  2.5
Stealth        | |  2.0
Spellcasting   | |  1.7

Action                   |  1- 3 |  4- 6 |  7- 9 | 10-12 || total
-------------------------+-------+-------+-------+-------++-------
Melee: Unarmed           |     1 |       |       |       ||     1
       Dagger            |       |     8 |    94 |    21 ||   123
       Falchion          |       |       |     7 |    45 ||    52
 Cast: Flame Tongue      |    90 |   109 |   352 |    79 ||   630
       Conjure Flame     |       |     7 |    12 |     4 ||    23
       Sticky Flame      |       |       |    19 |    13 ||    32
Invok: Heroism           |       |       |       |     1 ||     1
  Use: Scroll            |       |       |     9 |     1 ||    10
  Eat: Chunk             |     4 |     9 |    36 |    12 ||    61
       Ration            |       |       |       |     1 ||     1
Armor: Robe              |     5 |     1 |       |       ||     6
       Ring mail         |       |       |    46 |       ||    46
       Steam dragon scal |       |       |     9 |    16 ||    25
Dodge: Dodged            |    24 |    27 |   212 |   106 ||   369
Block: Buckler           |       |       |       |    11 ||    11
